 Dungeon Crawl Stone Soup version 0.19.5 (webtiles) character file.

8400 Peloso the Carver (level 11, 0/95 HPs)
             Began as a Minotaur Fighter on May 22, 2017.
             Was a High Priest of Okawaru.
             Slain by a slime creature (4 damage)
             ... on level 9 of the Dungeon.
             The game lasted 00:21:51 (9397 turns).

Peloso the Carver (Minotaur Fighter)                Turns: 9397, Time: 00:21:51

Health: 0/95       AC: 16    Str: 22    XL:     11   Next: 9%
Magic:  10/10      EV:  7    Int:  5    God:    Okawaru [*****.]
Gold:   372        SH: 12    Dex: 12    Spells: 0 memorised, 10 levels left

rFire  . . .     SeeInvis .     M - +2 scimitar
rCold  . . .     Gourm    .     q - +1 plate armour
rNeg   . . .     Faith    .     c - +0 shield
rPois  .         Spirit   .     (helmet restricted)
rElec  .         Reflect  .     v - +0 cloak
rCorr  +         Harm     .     (no gloves)
MR     +....                    (no boots)
Stlth  ..........               (no amulet)
                                H - ring of protection from magic
                                h - ring of resist corrosion

@: no status effects
A: retaliatory headbutt, horns 2
a: Heroism, Finesse, Renounce Religion


You were on level 9 of the Dungeon.
You worshipped Okawaru.
Okawaru was extremely pleased with you.
You were very hungry.

You visited 2 branches of the dungeon, and saw 10 of its levels.
You also visited: Sewer.

You collected 504 gold pieces.
You spent 132 gold pieces at shops.

Inventory:

Hand Weapons
 n - the +3 dagger "Ducyusmekhlo" {drain, +Fly Dex+2 Stlth+}
   (You found it on level 5 of the Dungeon)

   A truly terrible weapon, it drains the life of those it strikes.
   It affects your dexterity (+2).
   It lets you fly.
   It makes you more stealthy.
 K - a +3 scimitar of flaming
 L - the +1 long sword of the Vendetta {slice, MR+ Int-5 Dex+2}
   (You found it on level 9 of the Dungeon)

   It inflicts extra damage upon your enemies.
   It affects your intelligence (-5).
   It affects your dexterity (+2).
   It affects your resistance to hostile enchantments.
 M - a +2 scimitar (weapon)
Armour
 c - a +0 shield (worn)
 q - a +1 plate armour (worn)
 v - a +0 cloak (worn)
Jewellery
 h - a ring of resist corrosion (left hand)
 H - a ring of protection from magic (right hand)
Wands
 a - a wand of slowing (18/48)
 w - a wand of random effects (20/48)
 G - a wand of acid (10/15)
 J - a wand of lightning (7/15)
Scrolls
 j - 4 scrolls of identify
 o - a scroll of random uselessness {unknown}
 r - 2 scrolls of teleportation
 s - a scroll of enchant weapon
 y - a scroll of amnesia
 F - a scroll of recharging
 N - a scroll of enchant armour
Potions
 b - a potion of cure mutation
 e - 5 potions of flight
 g - a potion of resistance
 k - 3 potions of curing
 m - a potion of brilliance
 p - 4 potions of heal wounds
 t - a potion of mutation {unknown}
 u - a potion of invisibility {unknown}
 x - a potion of might
 z - a potion of magic {unknown}
 A - 3 potions of agility {unknown}
Books
 C - a book of Flames

   Spells                             Type                      Level
   a - Flame Tongue                   Conjuration/Fire             1
   b - Throw Flame                    Conjuration/Fire             2
   c - Conjure Flame                  Conjuration/Fire             3
   d - Inner Flame                    Hexes/Fire                   3
   e - Sticky Flame                   Conjuration/Fire             4
   f - Fireball                       Conjuration/Fire             5
 E - Vehumet's Guide on Conjuration
   (You found it on level 7 of the Dungeon)

   Spells                             Type                      Level
   a - Magic Dart                     Conjuration                  1
 I - a book of Misfortune

   Spells                             Type                      Level
   a - Confusing Touch                Hexes                        1
   b - Confuse                        Hexes                        3
   c - Gell's Gravitas                Hexes/Translocation          3
   d - Petrify                        Transmutation/Earth          4
   e - Metabolic Englaciation         Hexes/Ice                    5
   f - Yara's Violent Unravelling     Hexes/Transmutation          5
Comestibles
 d - a royal jelly
 f - 9 bread rations
 i - 4 meat rations
 l - 4 slices of pizza
 B - 2 fruits


   Skills:
 + Level 8.6 Fighting
 + Level 12.5 Long Blades
 + Level 9.6 Armour
 + Level 2.1 Dodging
 + Level 1.0 Stealth
 + Level 11.3 Shields


You had 10 spell levels left.
You didn't know any spells.

Dungeon Overview and Level Annotations

Branches:
Dungeon (9/15)             Temple (1/1) D:5            Lair (0/6) D:9
    Orc (0/2) D:9

Altars:
Ashenzari
Cheibriados
Dithmenos
Elyvilon
Fedhas
Gozag
Hepliaklqana
Kikubaaqudgha
Makhleb
Nemelex Xobeh
Okawaru
Qazlal
Ru
Sif Muna
Trog
Uskayaw
Vehumet
Xom
Yredelemnul
Zin
The Shining One

Shops:
D:6 !   D:9 (


Innate Abilities, Weirdness & Mutations

You reflexively headbutt those who attack you in melee.
You have a pair of horns on your head.


Message History

You barely miss the slime creature. You headbutt the slime creature.
The slime creature is severely wounded.
You block the slime creature's attack. The slime creature hits you.
* * * LOW HITPOINT WARNING * * *
The slime creature barely misses you. x2
Unknown command.
You hit the slime creature. You headbutt the slime creature!
The slime creature is almost dead.
The slime creature hits you.
* * * LOW HITPOINT WARNING * * *
The slime creature hits you!
* * * LOW HITPOINT WARNING * * *
You block the slime creature's attack.
You hit the slime creature.
The slime creature is almost dead.
The slime creature hits you!
* * * LOW HITPOINT WARNING * * *
The slime creature hits you but does no damage. x2
The slime creature hits you.
You die...

##...######.##.#+#....#
#...# #.##........#
##### #.....>.....# ###
##..........# ..#
#..........# #.#
#####.........# #.#
#.....>...##### #.#
#.###...J.###########
#.#
#.#....J@J'.........#
#.#
#.#.##...J#########.#
#.# #.#........# #.#
#.# #.####...#.# #.#
#.# #.# ###.#.# #.#
#.#######.# #.#.# #.#
#.........# #.#.# #.#
########### #.#.# #.#
#.#.########.#


You could see 4 slime creatures.

Vanquished Creatures
  Erica (D:9)
  The ghost of Sanvar the Bolt Thrower, a novice DgHu (D:5)
  Joseph (D:8)
  A troll (D:9)
  The ghost of IcyNumb the Spear-Bearer, an amateur MiFi (D:4)
  A slime creature (D:9)
  A two-headed ogre (D:8)
  2 hippogriffs (D:8)
  4 yaks (D:9)
  2 wargs (D:9)
  A water moccasin (D:9)
  3 orc warriors
  3 sky beasts
  A necrophage (D:7)
  2 black bears
  A phantom (D:6)
  An ice beast (D:9)
  8 centaurs
  9 ogres
  6 big kobolds
  3 bullfrogs
  3 gnoll sergeants (D:9)
  3 killer bees (D:8)
  5 wights (D:9)
  4 howler monkeys
  5 crimson imps
  A centaur zombie (D:6)
  A bullfrog zombie (D:8)
  6 hounds
  A jelly (D:8)
  8 orc priests
  A centaur skeleton (D:5)
  A gnoll shaman (D:9)
  5 orc wizards
  A bullfrog skeleton (D:5)
  4 iguanas
  6 worker ants
  A hound skeleton (D:9)
  Robin (D:4)
  19 gnolls
  A howler monkey skeleton (D:6)
  14 adders
  A river rat (Sewer)
  2 shadow imps (D:9)
  2 oozes
  4 adder skeletons
  2 worms
  4 leopard geckos
  30 orcs
  13 giant cockroaches
  16 goblins
  8 hobgoblins
  6 jackals
  7 quokkas
  3 ball pythons
  5 bats
  6 frilled lizards
  A goblin skeleton (D:5)
  2 goblin zombies (D:5)
  4 hobgoblin zombies (D:5)
  24 kobolds
  An orc skeleton (D:5)
  15 rats
300 creatures vanquished.

Vanquished Creatures (others)
  A wizard (D:7)
1 creature vanquished.

Grand Total: 301 creatures vanquished

Notes
Turn   | Place    | Note
-------+----------+-------------------------------------------
     0 | D:1      | Peloso the Minotaur Fighter began the quest for the Orb.
     0 | D:1      | Reached XP level 1. HP: 19/19 MP: 0/0
   147 | D:1      | Reached XP level 2. HP: 26/27 MP: 1/1
   746 | D:2      | Reached XP level 3. HP: 22/33 MP: 2/2
   747 | D:2      | Reached skill level 3 in Long Blades
  1171 | D:2      | Reached XP level 4. HP: 23/40 MP: 3/3
  1752 | D:3      | Found a hazy altar of Hepliaklqana.
  2123 | D:3      | Reached XP level 5. HP: 46/46 MP: 4/4
  2240 | D:3      | Reached skill level 4 in Long Blades
  2566 | D:4      | Reached skill level 5 in Armour
  2566 | D:4      | Reached skill level 5 in Shields
  2651 | D:4      | Found a bloodstained altar of Trog.
  2725 | D:4      | Noticed IcyNumb's ghost (amateur MiFi)
  2728 | D:4      | Reached skill level 1 in Dodging
  2728 | D:4      | Reached XP level 6. HP: 49/53 MP: 5/5
  2761 | D:4      | Killed IcyNumb's ghost
  2761 | D:4      | Reached skill level 5 in Long Blades
  2761 | D:4      | Reached XP level 7. HP: 13/60 MP: 6/6
  3026 | D:4      | Reached skill level 5 in Fighting
  3137 | D:4      | Noticed Robin
  3152 | D:4      | Killed Robin
  3208 | D:4      | Reached skill level 6 in Long Blades
  3334 | D:4      | Found a hide-covered altar of Uskayaw.
  3334 | D:4      | Found a faded altar of an unknown god.
  3341 | D:4      | Found a faded altar of an unknown god.
  3343 | D:4      | Found a faded altar of an unknown god.
  3345 | D:4      | Found a faded altar of an unknown god.
  3600 | D:5      | Entered Level 5 of the Dungeon
  3634 | D:5      | Found a glowing golden altar of the Shining One.
  3744 | D:5      | Reached skill level 1 in Stealth
  3769 | D:5      | Found a staircase to the Ecumenical Temple.
  3772 | D:5      | Found a blossoming altar of Fedhas.
  3856 | D:5      | Got a warped dagger
  3937 | D:5      | Noticed Sanvar's ghost (novice DgHu)
  3971 | D:5      | Found a glowing drain.
  3975 | Sewer    | Entered a sewer
  4069 | Sewer    | Reached XP level 8. HP: 68/68 MP: 7/7
  4100 | Sewer    | Found a glowing silver altar of Zin.
  4215 | Temple   | Entered the Ecumenical Temple
  4268 | Temple   | Became a worshipper of Warmaster Okawaru
  4363 | D:5      | Reached skill level 7 in Long Blades
  4505 | D:5      | Killed Sanvar's ghost
  4505 | D:5      | Reached * piety under Okawaru
  4724 | D:6      | Reached skill level 8 in Long Blades
  4787 | D:6      | Found a blossoming altar of Fedhas.
  4917 | D:6      | Found Cuatong's Distillery.
  4925 | D:6      | Bought a potion of curing for 33 gold pieces
  4925 | D:6      | Bought a potion of heal wounds for 55 gold pieces
  4925 | D:6      | Bought a potion of might for 44 gold pieces
  5261 | D:6      | Identified the cursed +3 dagger "Ducyusmekhlo" {drain, +Fly Dex+2 Stlth+} (You found it on level 5 of the Dungeon)
  5325 | D:7      | Reached skill level 9 in Long Blades
  5325 | D:7      | Reached XP level 9. HP: 70/78 MP: 8/8
  5392 | D:7      | Reached ** piety under Okawaru
  5393 | D:7      | Found a bloodstained altar of Trog.
  5797 | D:7      | Found a shimmering altar of Xom.
  5797 | D:7      | Found a shimmering altar of Xom.
  5798 | D:7      | Found a shimmering altar of Xom.
  5799 | D:7      | Found a shimmering altar of Xom.
  6307 | D:7      | Found an ancient bone altar of Kikubaaqudgha.
  6307 | D:7      | Found a deep blue altar of Sif Muna.
  6309 | D:7      | Found a radiant altar of Vehumet.
  6326 | D:7      | Identified Vehumet's Guide on Conjuration
  6391 | D:7      | Reached skill level 10 in Long Blades
  6400 | D:7      | Found a bloodstained altar of Trog.
  6403 | D:7      | Noticed a wizard
  6409 | D:7      | Killed a wizard
  6843 | D:8      | Noticed Joseph
  6858 | D:8      | Killed Joseph
  7140 | D:8      | Reached XP level 10. HP: 73/86 MP: 9/9
  7236 | D:8      | Reached *** piety under Okawaru
  7355 | D:8      | Reached skill level 11 in Long Blades
  7500 | D:8      | Reached skill level 10 in Shields
  7654 | D:9      | Noticed Erica
  7667 | D:9      | Killed Erica
  7667 | D:9      | Reached **** piety under Okawaru
  7717 | D:9      | Got a translucent long sword
  7718 | D:9      | Lost intelligence.
  7718 | D:9      | Identified the +1 long sword of the Vendetta {slice, MR+ Int-5 Dex+2} (You found it on level 9 of the Dungeon)
  7876 | D:9      | Found a glowing silver altar of Zin.
  7948 | D:9      | Found Yceen's Weapon Emporium.
  8238 | D:9      | Found a staircase to the Orcish Mines.
  8278 | D:9      | Reached skill level 12 in Long Blades
  8295 | D:9      | Reached ***** piety under Okawaru
  8307 | D:9      | Received a gift from Okawaru
  8720 | D:9      | Reached XP level 11. HP: 57/95 MP: 10/10
  8721 | D:9      | Found a staircase to the Lair.
  9397 | D:9      | HP: 4/95 [slime creature (7)]
  9397 | D:9      | Slain by a slime creature

Skill      XL: |  1  2  3  4  5  6  7  8  9 10 |
---------------+-------------------------------+-----
Fighting       | 4 5 6 7 8 |  8.6
Armour         | 4 5 6 8 9 |  9.6
Shields        | 4 5 7 8 9 11 | 11.3
Long Blades    | 3 4 5 6 9 10 12 | 12.5
Dodging        | 1 2 |  2.1
Stealth        | 1 |  1.0

Action                   |  1- 3 |  4- 6 |  7- 9 | 10-12 || total
-------------------------+-------+-------+-------+-------++-------
Melee: Long sword        |    96 |   188 |   446 |    79 ||   809
       Headbutt          |    14 |    27 |   100 |    71 ||   212
       Scimitar          |       |       |       |   213 ||   213
  Use: Potion            |       |     1 |       |     2 ||     3
       Scroll            |       |       |    17 |     2 ||    19
  Eat: Chunk             |     1 |     5 |    15 |     5 ||    26
       Beef jerky        |       |       |       |     1 ||     1
Armor: Scale mail        |    49 |       |       |       ||    49
       Plate armour      |       |   102 |   250 |   134 ||   486
Dodge: Dodged            |    38 |    42 |    82 |    72 ||   234
Block: Shield            |    55 |   118 |   300 |   203 ||   676
       Rpst.: Long sword |     8 |     8 |    26 |     3 ||    45
       Scimitar          |       |       |       |    10 ||    10
